 Dungeon Crawl Stone Soup version 0.18.1-48-g4cf74bf (webtiles) character file.

1830 Joat the Skirmisher (level 8, -5/74 HPs)
             Began as a Pale Draconian Monk on Sept 4, 2016.
             Was a Believer of Qazlal.
             Killed from afar by an electric eel (15 damage)
             ... with a bolt of electricity
             ... on level 6 of the Dungeon.
             The game lasted 00:19:47 (5899 turns).

Joat the Skirmisher (Pale Draconian Monk)           Turns: 5899, Time: 00:19:48

Health: -5/74      AC:  7    Str: 14    XL:     8   Next: 86%
Magic:  17/17      EV: 16    Int: 11    God:    Qazlal [**....]
Gold:   365        SH:  9    Dex: 15    Spells: 0 memorised, 7 levels left

rFire  . . .     SeeInvis .       - Unarmed
rCold  . . .     Gourm    .     (armour unavailable)
rNeg   . . .     Faith    .     (no shield)
rPois  .         Spirit   .     (helmet restricted)
rElec  .         Dismiss  .     (no cloak)
rCorr  .         Reflect  +     (no gloves)
SustAt .         Harm     .     g - +0 pair of boots
MR     .....                    k - +6 amulet of reflection
Stlth  ++........               i - ring of stealth
                                c - ring of magical power

@: short of breath, not resistant to hostile enchantments, unstealthy
A: breathe steam, unfitting armour, cold-blooded, AC +6
a: Breathe Steam, Upheaval, Renounce Religion


You were on level 6 of the Dungeon.
You worshipped Qazlal.
Qazlal was pleased with you.
You were hungry.

You visited 2 branches of the dungeon, and saw 7 of its levels.

You collected 365 gold pieces.

Inventory:

Missiles
 b - 6 exploding tomahawks (quivered)
Armour
 g - a +0 pair of boots (worn)
Jewellery
 c - a ring of magical power (left hand)
 i - a ring of stealth (right hand)
 k - a +6 amulet of reflection (around neck)
Scrolls
 d - 3 scrolls of teleportation
 e - 5 scrolls of remove curse
 h - a scroll of random uselessness
 m - 2 scrolls of fog
 p - a scroll of identify
 r - a scroll of amnesia
Potions
 f - a potion of magic
 o - 2 potions of brilliance
 q - 2 potions of resistance
 t - 2 potions of flight
 v - a potion of invisibility
 w - a potion of degeneration
Comestibles
 a - 6 bread rations
 j - a slice of pizza
 l - 2 fruits
 n - 3 meat rations
 s - 2 chunks of flesh
 u - 2 beef jerkies


   Skills:
 + Level 7.9 Fighting
 + Level 6.6 Dodging
 - Level 1.7 Stealth
 + Level 7.9 Unarmed Combat


You had 7 spell levels left.
You didn't know any spells.

Dungeon Overview and Level Annotations

Branches:
Dungeon (6/15)             Temple (1/1) D:4

Altars:
Ashenzari
Cheibriados
Fedhas
Gozag
Kikubaaqudgha
Makhleb
Nemelex Xobeh
Qazlal
Sif Muna
Trog
Vehumet
Xom
Yredelemnul
The Shining One

Shops:
D:5 =


Innate Abilities, Weirdness & Mutations

You can breathe blasts of scalding, opaque steam.
Your pale cyan-grey scales are hard (AC +6).
Your body does not fit into most forms of armour.
You are cold-blooded and may be slowed by cold attacks.


Message History

The electric eel shoots out a bolt of lightning at you!
The bolt of electricity hits you!
The electric eel shoots out a bolt of lightning at you!
The bolt of electricity hits you!
The electric eel shoots out a bolt of lightning at you!
The bolt of electricity misses you.
You barely miss the electric eel.
The electric eel is almost dead.
The electric eel shoots out a bolt of lightning at you!
The bolt of electricity hits you!
You miss the electric eel. You tail-slap the electric eel.
You kill the electric eel!
Qazlal accepts your kill.
The electric eel shoots out a bolt of lightning at you!
The bolt of electricity hits you!
* * * LOW HITPOINT WARNING * * *
You barely miss the electric eel.
The electric eel shoots out a bolt of lightning at you!
The bolt of electricity hits you!
You die...

###+####
##≈≈.≈≈≈###
##≈≈....≈≈≈##
#≈≈.......≈≈##
#≈....#....≈≈#
+....≈.≈≈≈..≈#
#§.§.≈.$.≈..≈≈#
#≈@..≈$#.≈...≈#
#≈;..≈...≈...≈#
##≈..≈≈≈.≈....+
#≈≈....#....≈#
##≈≈.......≈≈#
##≈≈≈....≈≈##
##≈≈≈.≈ ###+


You could see an electric eel.

Vanquished Creatures
  Sigmund (D:4)
  The ghost of PositiveJam the Slasher, an amateur MiFi (D:4)
  2 ice beasts (D:5)
  A phantom (D:4)
  5 ogres
  Dowan (D:5)
  A scorpion (D:5)
  2 centaur zombies
  An electric eel (D:6)
  A crimson imp (D:5)
  A giant frog zombie (D:5)
  A centaur skeleton (D:4)
  A giant frog skeleton (D:4)
  2 hounds (D:5)
  2 jellies (D:5)
  An iguana (D:5)
  A worker ant (D:5)
  A howler monkey zombie (D:3)
  6 adders
  3 shadow imps (D:5)
  3 oozes
  An adder skeleton (D:6)
  7 worms
  3 dart slugs (D:1)
  7 giant geckos
  16 orcs
  A ball python (D:3)
  6 giant cockroaches
  10 goblins
  9 hobgoblins
  14 jackals
  6 bats
  2 giant gecko skeletons
  4 giant newts
  9 kobolds
  A quokka zombie (D:6)
  10 rats
144 creatures vanquished.

Vanquished Creatures (others)
  Duvessa (D:5)
1 creature vanquished.

Grand Total: 145 creatures vanquished

Notes
Turn   | Place    | Note
--------------------------------------------------------------
     0 | D:1      | Joat the Draconian Monk began the quest for the Orb.
     0 | D:1      | Reached XP level 1. HP: 19/19 MP: 1/1
    94 | D:1      | Reached XP level 2. HP: 25/26 MP: 2/2
   455 | D:1      | Reached XP level 3. HP: 30/31 MP: 3/3
  1260 | D:2      | Reached XP level 4. HP: 36/40 MP: 4/4
  1900 | D:3      | Reached skill level 5 in Unarmed Combat
  2053 | D:3      | Reached XP level 5. HP: 46/47 MP: 5/5
  2496 | D:3      | Found a glowing golden altar of the Shining One.
  2942 | D:4      | Found a staircase to the Ecumenical Temple.
  2952 | Temple   | Entered the Ecumenical Temple
  3043 | Temple   | Became a worshipper of Qazlal Stormbringer
  3043 | Temple   | Reached * piety under Qazlal
  3043 | Temple   | Reached ** piety under Qazlal
  3146 | D:4      | Noticed Sigmund
  3177 | D:4      | Killed Sigmund
  3177 | D:4      | Reached skill level 5 in Fighting
  3177 | D:4      | Reached XP level 6. HP: 31/56 MP: 6/6
  3395 | D:4      | Noticed PositiveJam's ghost (amateur MiFi)
  3457 | D:4      | Killed PositiveJam's ghost
  3457 | D:4      | Your scales start taking on a pale cyan-grey colour.
  3457 | D:4      | Reached XP level 7. HP: 41/62 MP: 7/7
  3753 | D:4      | Found a shimmering altar of Xom.
  3838 | D:4      | Reached skill level 5 in Dodging
  4122 | D:5      | Entered Level 5 of the Dungeon
  4724 | D:5      | Noticed Dowan
  4727 | D:5      | Noticed Duvessa
  4742 | D:5      | Killed Duvessa
  4742 | D:5      | Reached XP level 8. HP: 39/71 MP: 8/8
  4744 | D:5      | Killed Dowan
  4951 | D:5      | Found Ichoreha's Jewellery Shoppe.
  5820 | D:6      | Found an ancient bone altar of Kikubaaqudgha.
  5899 | D:6      | Killed from afar by an electric eel

Skill      XL: |  1  2  3  4  5  6  7  8 |
---------------+-------------------------+-----
Dodging        | 3 4 5 6 |  6.6
Fighting       | 4 5 6 7 |  7.9
Unarmed Combat | 5 6 7 |  7.9
Stealth        | |  1.7

Action                   |  1- 3 |  4- 6 |  7- 9 || total
-------------------------+-------+-------+-------++-------
Melee: Unarmed           |   143 |   269 |   218 ||   630
       Tailslap          |    18 |    42 |    37 ||    97
       Punch             |     1 |     3 |     7 ||    11
 Abil: Breathe Steam     |       |       |     1 ||     1
  Use: Scroll            |       |    16 |     1 ||    17
       Potion            |       |     2 |       ||     2
 Stab: Sleeping          |     1 |     5 |       ||     6
       Distracted        |       |     1 |       ||     1
  Eat: Chunk             |     1 |     6 |     7 ||    14
       Royal jelly       |       |       |     1 ||     1
Armor: Skin              |    41 |    37 |    31 ||   109
Dodge: Dodged            |    63 |   108 |    92 ||   263
Block: Other             |    17 |    47 |    62 ||   126
       Reflection        |     2 |       |     1 ||     3
